 Dungeon Crawl Stone Soup version 0.29-a0-700-g2f1814c7b2 (webtiles) character file.

Game seed: 1515558923358237783

312 riojii the Chopper (level 6, -3/56 HPs)
             Began as a Minotaur Fighter on June 25, 2022.
             Slain by a gnoll
             ... wielding a +0 flail
              (6 damage)
             ... on level 4 of the Dungeon.
             The game lasted 00:03:06 (3214 turns).

riojii the Chopper (Minotaur Fighter)               Turns: 3214, Time: 00:03:07

Health: -3/56      AC:  7    Str: 22    XL:     6   Next: 18%
Magic:  5/5        EV:  9    Int:  5    God:
Gold:   233        SH:  5    Dex: 10    Spells: 5/5 levels left

rFire   . . .      SeeInvis .   a - +0 war axe
rCold   . . .      Faith    .   c - +0 buckler
rNeg    . . .      Spirit   .   b - +0 scale mail
rPois   .          Reflect  .   (helmet restricted)
rElec   .          Harm     .   (no cloak)
rCorr   .          Rampage  .   (no gloves)
Will    .....                   (no boots)
Stlth   ..........              (no amulet)
HPRegen 0.18/turn               (no ring)
MPRegen 0.09/turn               (no ring)

@: mighty
A: horns 2, retaliatory headbutt
a: no special abilities


You were on level 4 of the Dungeon.
You visited 1 branch of the dungeon, and saw 4 of its levels.

You collected 233 gold pieces.

Inventory:

Hand Weapons
 a - a +0 war axe (weapon)
Armour
 b - a +0 scale mail (worn)
 c - a +0 buckler (worn)
Jewellery
 f - a ring of see invisible
 k - a +4 ring of protection
Wands
 m - a wand of flame (30)
Scrolls
 e - a scroll of silence {unknown}
 g - a scroll of teleportation {unknown}
 l - 4 scrolls of identify {unknown}
 n - a scroll of immolation {unknown}
 t - a scroll of fear {unknown}
 v - a scroll of blinking {unknown}
Potions
 h - a potion of invisibility {unknown}
 i - 2 potions of flight {unknown}
 j - 2 potions of lignification {unknown}
 o - 4 potions of curing {unknown}
 p - a potion of magic {unknown}
 q - a potion of attraction {unknown}
 r - a potion of brilliance {unknown}
 s - 3 potions of ambrosia {unknown}
 u - a potion of heal wounds {unknown}
 w - a potion of degeneration {unknown}


   Skills:
 + Level 5.0 Fighting
 * Level 5.2 Axes
 + Level 4.9 Armour
 + Level 5.0 Shields


You had 5 spell levels left.
You didn't know any spells.
Your spell library contained the following spells:

 Spells                   Type           Power      Damage    Failure   Level
 Foxfire                  Conj/Fire      0%         2x1d4     86%         1
 Magic Dart               Conj           0%         1d3       86%         1
 Summon Small Mammal      Summ           0%         N/A       86%         1
 Call Imp                 Summ           0%         N/A       95%         2
 Passwall                 Tmut/Erth      0%         N/A       95%         2
 Call Canine Familiar     Summ           0%         N/A       99%         3
 Conjure Flame            Conj/Fire      0%         6-21      99%         3
 Inner Flame              Hex/Fire       0%         N/A       99%         3
 Mephitic Cloud           Conj/Pois/Air  0%         N/A       99%         3
 Summon Guardian Golem    Hex/Summ       0%         N/A       99%         3
 Animate Armour           Summ/Erth      0%         N/A       100%        4
 Flame Wave               Conj/Fire      0%         2d4       100%        4
 Lee's Rapid Deconstruct  Erth           0%         3d5*      100%        5
 Lehudib's Crystal Spear  Conj/Erth      0%         10d2      100%        8


Dungeon Overview and Level Annotations

Branches:
Dungeon (4/15)
 Temple: D:4-7

Altars:
Kikubaaqudgha
Trog
Wu Jian

Shops:
D:3 (


Innate Abilities, Weirdness & Mutations

You have a pair of horns on your head.
You reflexively headbutt those who attack you in melee.


Message History

You are too injured to fight recklessly!
You are too injured to fight recklessly!
You are too injured to fight recklessly!
You are too injured to fight recklessly!
You closely miss the adder. You headbutt the adder.
The adder is heavily wounded.
The adder barely misses you. You furiously retaliate!
You headbutt the adder, but do no damage.
The gnoll closely misses you. The adder bites you but does no damage.
You barely miss the adder.
The adder is heavily wounded.
You hit the gnoll. The adder bites you but does no damage.
The gnoll closely misses you.
The gnoll hits you from afar with a +0 spear.
You block the gnoll's attack. The adder closely misses you.
You furiously retaliate!
You headbutt the adder!
You kill the adder!
Your Fighting skill increases to level 5!
Your Shields skill increases to level 5!
The gnoll hits you with a +0 spear. The gnoll barely misses you.
You furiously retaliate!
You headbutt the gnoll! The gnoll barely misses you.
You see here an adder corpse.
You closely miss the gnoll. You headbutt the gnoll.
The gnoll is almost dead.
You closely miss the gnoll. You barely miss the gnoll.
The gnoll hits you but does no damage. The gnoll barely misses you.
The gnoll hits you with a +0 spear. The gnoll barely misses you.
The gnoll closely misses you. You block the gnoll's attack.
You barely miss the gnoll.
The gnoll is almost dead.
You closely miss the gnoll. You completely miss the gnoll.
The gnoll hits you with a +0 spear!
* * * LOW HITPOINT WARNING * * *
The gnoll hits you with a +0 flail!
* * * LOW HITPOINT WARNING * * *
The gnoll closely misses you.
You feel very mighty all of a sudden. The gnoll barely misses you.
You furiously retaliate!
You headbutt the gnoll. The gnoll hits you with a +0 flail.
You die...

#..........####.###....†≈≈.####
##...............#..≈≈≈≈≈≈## .
#..........#######..#########
#....>.....## #≈†≈≈≈≈≈≈≈≈###
#...†.......# ##≈≈.≈.≈≈.≈≈.#
#...........# #########...#
#...........#### #.....#
##........#...g## ###.###
##......#####@g## #.# ########
##gK# #.# #...h.#h....# #†###
#?..g.h ......# #.... .......
.......####..## .......
............... .......
[(.....#.###.## .......
....>..# #.## ....... ....... #
#..#


You could see 3 gnolls, a jackal and a kobold.

Vanquished Creatures
  2 necrophages (D:4)
  Ijyb (D:4)
  Natasha (D:4)
  A gnoll (D:4)
  6 adders
  A worm (D:4)
  3 dart slugs
  An orc (D:3)
  4 bats
  2 endoplasms
  4 giant cockroaches
  2 goblins
  3 hobgoblins
  9 jackals (D:4)
  3 kobolds
  5 quokkas
  3 ball pythons
  10 frilled lizards
  9 rats
70 creatures vanquished.

Notes
Turn   | Place    | Note
-------+----------+-------------------------------------------
     0 | D:1      | riojii the Minotaur Fighter began the quest for the Orb.
     0 | D:1      | Reached XP level 1. HP: 19/19 MP: 0/0
   553 | D:1      | Reached XP level 2. HP: 25/27 MP: 1/1
   908 | D:1      | Found a faded altar of an unknown god.
  1068 | D:2      | Reached XP level 3. HP: 30/33 MP: 2/2
  1238 | D:2      | You fall into a shaft and drop 2 floors!
  1238 | D:4      | Found a bloodstained altar of Trog.
  1248 | D:4      | Noticed Ijyb
  1257 | D:4      | Killed Ijyb
  1447 | D:3      | Found an ornate altar of the Wu Jian Council.
  1543 | D:3      | Reached XP level 4. HP: 34/40 MP: 3/3
  2339 | D:3      | Found Siuseeg's Weapon Boutique.
  2837 | D:4      | Found an ancient bone altar of Kikubaaqudgha.
  2840 | D:4      | Noticed a necrophage
  2850 | D:4      | Killed a necrophage
  2851 | D:4      | Reached XP level 5. HP: 37/47 MP: 4/4
  3008 | D:4      | Got the Almanac of Stones
  3024 | D:4      | Noticed Natasha
  3030 | D:4      | Killed Natasha
  3145 | D:4      | Reached skill level 5 in Axes
  3145 | D:4      | Reached XP level 6. HP: 47/55 MP: 5/5
  3211 | D:4      | Reached skill level 5 in Fighting
  3211 | D:4      | Reached skill level 5 in Shields
  3214 | D:4      | Slain by a gnoll

Illustrated notes

Levels and vault maps discovered:
D:1:      matt_arrival_spirals, layout_basic, ebering_ecumenical_altar_mist,
          minmay_unequal
D:2:      layout_loops_ring, minmay_tree_intersection, minmay_lizard_pond
D:3:      layout_basic, pdpol_wu_jian_five_deadly_venoms, serial_shops,
          nicolae_shop_temple_entry_statues_fountains
D:4:      layout_rooms, nicolae_kikubaaqudgha_miasma_corner,
          mainiacjoe_overflow_cross_hatched, gup_sewer_entry_pipe,
          hangedman_abyss_or_decor_stabs, uniq_natasha, uniq_ijyb

Skill      XL: |  1  2  3  4  5  6 |
---------------+-------------------+-----
Axes           | 3 4 5 |  5.2
Armour         | 4 |  4.9
Fighting       | 4 5 |  5.0
Shields        | 4 5 |  5.0

Action                   |  1- 3 |  4- 6 || total
-------------------------+-------+-------++-------
Melee: War axe           |    61 |   101 ||   162
       Headbutt          |     9 |    16 ||    25
  Use: Potion            |       |     1 ||     1
Armor: Scale mail        |    21 |    51 ||    72
Dodge: Dodged            |    36 |    67 ||   103
Block: Buckler           |    13 |    26 ||    39

Table legend: (Time is in decaauts)
 A = Elapsed time spent in this place.
 B = Non-inter-level travel time spent in this place.
 C = Inter-level travel time spent in this place.
 D = Time resting spent in this place.
 E = Time spent auto-exploring this place.
 F = Levels seen in this place.
 G = Mean time per level.
                   A        B        C        D        E       F      G
               +--------+--------+--------+--------+--------+-----+--------+
         Total |   3274 |   3183 |     91 |      0 |   2757 |   4 |  818.5 |
       Dungeon |   3274 |   3183 |     91 |      0 |   2757 |   4 |  818.5 |
               +--------+--------+--------+--------+--------+-----+--------+

Top non-repeatable levels by time:
     D:1: 1028 daAuts
     D:3: 961 daAuts
     D:2: 743 daAuts
     D:4: 540 daAuts
